 Dungeon Crawl Stone Soup version 0.28-a0-1233-g92def6ad0a (webtiles) character file.

Game seed: 10180912019214148069

143 Grim the Poker (level 5, -3/41 HPs)
             Began as a Formicid Fighter on Dec 23, 2021.
             Was an Initiate of the Shining One.
             Slain by a gnoll (13 damage)
             ... on level 2 of the Dungeon.
             The game lasted 00:02:55 (1545 turns).

Grim the Poker (Formicid Fighter)                   Turns: 1545, Time: 00:02:56

Health: -3/41      AC:  6    Str: 20    XL:     5   Next: 50%
Magic:  5/5        EV:  9    Int:  8    God:    the Shining One [......]
Gold:   39         SH:  4    Dex: 12    Spells: 4/4 levels left

rFire   . . .      SeeInvis +   a - +0 trident
rCold   . . .      Faith    .   c - +0 buckler
rNeg    . . .      Spirit   .   b - +0 scale mail
rPois   .          Reflect  .   (helmet unavailable)
rElec   .          Harm     .   (no cloak)
rCorr   .          Rampage  .   (no gloves)
Will    .....                   (no boots)
Stlth   ..........              (no amulet)
HPRegen 0.13/turn               (no ring)
MPRegen 0.09/turn               (no ring)

@: glowing
A: permanent stasis, dig shafts and tunnels, antennae 3, four strong arms
a: Dig, Shaft Self, Renounce Religion


You were on level 2 of the Dungeon.
You worshipped the Shining One.
The Shining One was noncommittal.
You visited 1 branch of the dungeon, and saw 2 of its levels.

You collected 39 gold pieces.

Inventory:

Hand Weapons
 a - a +0 trident (weapon)
Armour
 b - a +0 scale mail (worn)
 c - a +0 buckler (worn)
Jewellery
 n - a ring of resist corrosion
Wands
 m - a wand of polymorph (12)
Scrolls
 e - 2 scrolls of blinking {unknown}
 f - a scroll of fog {unknown}
 g - a scroll of identify {unknown}
 h - 2 scrolls of teleportation {unknown}
 i - a scroll of vulnerability {unknown}
 j - a scroll of enchant armour {unknown}
 k - a scroll of fear {unknown}
Potions
 l - a potion of haste {unknown}


   Skills:
 - Level 3.2 Fighting
 + Level 5.3 Polearms
 - Level 3.2 Armour
 - Level 3.6 Shields


You had 4 spell levels left.
You didn't know any spells.
Your spell library was empty.

Dungeon Overview and Level Annotations

Branches:
Dungeon (2/15)

Altars:
The Shining One


Innate Abilities, Weirdness & Mutations

You cannot be hasted, slowed, berserked, paralysed or teleported.
You can dig through walls and to a lower floor.
You have a pair of large antennae on your head. (SInv)
Your four strong arms can wield two-handed weapons with a shield.


Message History

There is a stone staircase leading up here.
The gnoll hits you with a +0 spear.
You puncture the gnoll!
The gnoll is severely wounded.
You block the gnoll's attack.
You barely miss the gnoll.
The gnoll is severely wounded.
The gnoll barely misses you. The gnoll hits you with a +0 spear.
You hit the gnoll.
The gnoll is almost dead.
You block the gnoll's attack. The gnoll hits you with a +0 spear.
You hit the gnoll.
You kill the gnoll!
The gnoll hits you from afar with a +0 halberd.
You hit the hobgoblin.
The hobgoblin is almost dead.
You block the gnoll's attack. You block the hobgoblin's attack.
You hit the hobgoblin.
You kill the hobgoblin!
The gnoll hits you from afar with a +0 halberd.
You reach to attack!
You closely miss the gnoll. The gnoll barely misses you.
The gnoll hits you from afar with a +0 halberd.
* * * LOW HITPOINT WARNING * * *
There is a stone staircase leading up here.
The gnoll hits you with a +0 halberd.
* * * LOW HITPOINT WARNING * * *
You puncture the gnoll!
The gnoll is heavily wounded.
The gnoll barely misses you.
You completely miss the gnoll.
The gnoll is heavily wounded.
The gnoll barely misses you. The gnoll hits you but does no damage.
You barely miss the gnoll.
The gnoll is heavily wounded.
The gnoll hits you with a +0 halberd!
* * * LOW HITPOINT WARNING * * *
Your scale mail prevents you from hitting the gnoll.
The gnoll is heavily wounded.
The gnoll hits you with a +0 halberd!
You die...

...# ##.## ####.##..†.
##.##### ##..# #.##.##.
.....g.# #####.#.....#
##......>
##.###.###.##.###.####
#........ ...#
#.##....## #.# #...#.###
g..# #†##..#..###.##
#...#... ####
#.##..#†#.#..# #...#####
.g.# #..{..#.#..g.#
#...# ##.#
#####.#.#)#@.# ##...#
)...... ..#....<.#
##....# #......
..###...######.....#####
...... ...
#.#.#...............
..... ....
#..........._.......
#....
..####.#...............
.... ###
#...#####.....##### ...
#(#.# ###...# #...#
#...#


You could see a gnoll.

Vanquished Creatures
  Jessica (D:2)
  Robin (D:2)
  An adder (D:2)
  3 gnolls (D:2)
  A dart slug (D:1)
  2 endoplasms
  5 giant cockroaches
  14 hobgoblins
  5 kobolds (D:1)
  2 quokkas (D:1)
  7 bats
  2 frilled lizards (D:1)
  12 goblins
  6 rats
62 creatures vanquished.

Vanquished Creatures (others)
  2 plants
2 creatures vanquished.

Grand Total: 64 creatures vanquished

Notes
Turn   | Place    | Note
-------+----------+-------------------------------------------
     0 | D:1      | Grim the Formicid Fighter began the quest for the Orb.
     0 | D:1      | Reached XP level 1. HP: 18/18 MP: 1/1
   114 | D:1      | Reached XP level 2. HP: 24/24 MP: 2/2
   208 | D:1      | Reached skill level 3 in Polearms
   265 | D:1      | Reached XP level 3. HP: 18/29 MP: 3/3
   699 | D:1      | Found a faded altar of an unknown god.
  1152 | D:2      | Found a glowing golden altar of the Shining One.
  1166 | D:2      | Became a worshipper of the Shining One
  1178 | D:2      | Noticed Jessica
  1192 | D:2      | Killed Jessica
  1193 | D:2      | Reached skill level 4 in Polearms
  1193 | D:2      | Reached XP level 4. HP: 35/35 MP: 4/4
  1264 | D:2      | Noticed Robin
  1274 | D:2      | Killed Robin
  1299 | D:2      | Reached XP level 5. HP: 33/41 MP: 5/5
  1429 | D:2      | Reached skill level 5 in Polearms
  1545 | D:2      | Slain by a gnoll

Illustrated notes

Levels and vault maps discovered:
D:1:      saegor_arrival_fortress, layout_loops_ring,
          hellmonk_ecumenical_altar_run_dry, serial_bayou_lagoon_b
D:2:      layout_loops_cross, serial_shops, nicolae_shop_overgrown_old_shop,
          basic_altar, minmay_tripent, uniq_jessica, uniq_robin, uniq_terence

Skill      XL: |  1  2  3  4  5 |
---------------+----------------+-----
Polearms       | 3 4 5 |  5.3
Fighting       | |  3.2
Armour         | |  3.2
Shields        | |  3.6

Action                   |  1- 3 |  4- 6 || total
-------------------------+-------+-------++-------
Melee: Trident           |   106 |    49 ||   155
 Abil: Dig               |     2 |       ||     2
  Use: Potion            |       |     1 ||     1
Armor: Scale mail        |    33 |    15 ||    48
Dodge: Dodged            |    38 |    20 ||    58
Block: Buckler           |    11 |     8 ||    19

Table legend: (Time is in decaauts)
 A = Elapsed time spent in this place.
 B = Non-inter-level travel time spent in this place.
 C = Inter-level travel time spent in this place.
 D = Time resting spent in this place.
 E = Time spent auto-exploring this place.
 F = Levels seen in this place.
 G = Mean time per level.
                   A        B        C        D        E       F      G
               +--------+--------+--------+--------+--------+-----+--------+
         Total |   1596 |   1584 |     12 |    184 |   1010 |   2 |  798.0 |
       Dungeon |   1596 |   1584 |     12 |    184 |   1010 |   2 |  798.0 |
               +--------+--------+--------+--------+--------+-----+--------+

Top non-repeatable levels by time:
     D:1: 1267 daAuts
     D:2: 329 daAuts
